 Dungeon Crawl Stone Soup version 0.31-a0-702-gf82c85558f (webtiles) character file.

Game seed: 6544110099480113972

112 qw the Shooter (level 4, -3/28 HPs)
             Began as a Gargoyle Hunter on Sept 8, 2023.
             Slain by a killer bee (6 damage)
             ... on level 4 of the Dungeon.
             The game lasted 00:00:58 (2886 turns).

qw the Shooter (Gargoyle Hunter)                    Turns: 2886, Time: 00:00:59

Health: -3/28      AC:  9    Str: 12 (15) XL:     4   Next: 93%
Magic:  4/4        EV: 10    Int:  6 (9)  God:
Gold:   146        SH:  0    Dex: 15      Spells: 3/3 levels left

rFire   + . .        Y - +2 shortbow
rCold   . . .        (shield currently unavailable)
rNeg    + . .        h - +0 ring mail
rPois   inf          (no helmet)
rElec   +            d - +0 cloak
rCorr   .            (no gloves)
SInv    .            (no boots)
Will    .....        (no amulet)
Stlth   +            f - ring of protection from fire
HPRegen 0.24/turn    (no ring)
MPRegen 0.09/turn

%: no passive effects
@: no status effects
A: sickness immunity, AC +3, negative energy resistance 1, electricity
resistance, torment resistance 1, petrification resistance
a: no special abilities


You were on level 4 of the Dungeon.
You visited 1 branch of the dungeon, and saw 4 of its levels.

You collected 188 gold pieces.
You spent 42 gold pieces at shops.


Innate Abilities, Weirdness & Mutations

You are immune to sickness and miasma.
Your stone body is resilient. (AC +3)
You are immune to poison.
You resist negative energy. (rN+)
You are resistant to electric shocks. (rElec)
You are resistant to unholy torment.
You are immune to petrification.


   Skills:
 - Level 3.0 Fighting
 + Level 5.5 Ranged Weapons
 - Level 1.2 Armour
 - Level 1.5 Dodging
 - Level 1.1 Stealth


You had 3 spell levels left.
You didn't know any spells.
Your spell library was empty.

Inventory:

Hand Weapons
 Y - a +2 shortbow (weapon)
Armour
 d - a +0 cloak (worn)
 h - a +0 ring mail (worn)
Jewellery
 f - a ring of protection from fire (left hand)
Scrolls
 a - a scroll of identify
 b - a scroll of teleportation
Potions
 g - a potion of brilliance {unknown}
 i - a potion of curing {unknown}

Dungeon Overview and Level Annotations

Branches:
Dungeon (4/15)
 Temple: D:4-7

Altars:
Ashenzari
Elyvilon
Trog

Shops:
D:2 *

Annotations:
D:2 1 runed translucent door, Crazy Yiuf


Message History

2840 ||| UPGRADING to +0 cloak.
You start putting on your armour.
You continue putting on your +0 cloak. x4
You finish putting on your +0 cloak.
Done exploring.
2845 ||| READING 2 scrolls of identify.
As you read the scroll of identify, it crumbles to dust.
c - a potion of attraction;
2845 ||| IDENTIFYING glowing red potion Done exploring.
2846 ||| DROPPING potion of attraction.
You drop a potion of attraction.
Done exploring.
What level of the Dungeon? (default 3, ? - help)
There is a stone staircase leading up here.
There is a stone staircase leading down here.
You climb downwards.
The killer bee buzzes angrily. x4
Found 15 gold pieces.
There is a stone staircase leading up here.
There are monsters nearby!
Waypoint 3 assigned to D:4.
You shoot an arrow.
The arrow hits the killer bee but does no damage.
The killer bee closely misses you.
The killer bee stings you but does no damage. x3
The killer bee stings you.
The killer bee stings you but does no damage.
The killer bee barely misses you.
The killer bee stings you but does no damage.
You shoot an arrow. The arrow hits the killer bee!
The killer bee is heavily wounded.
The killer bee stings you but does no damage.
The killer bee closely misses you. The killer bee stings you.
The killer bee misses you. The killer bee stings you. x2
The killer bee stings you but does no damage.
The killer bee barely misses you.
You shoot an arrow. The arrow misses the killer bee.
The killer bee barely misses you. The killer bee stings you.
The killer bee misses you. The killer bee stings you.
The killer bee barely misses you. The killer bee stings you.
The killer bee stings you but does no damage.
The killer bee stings you.
You die...

#+##
#...##
#.....#
##y......
#@y$.....
+yy......
#........
##.......
#.....#
#...##
#+##


You could see 4 killer bees.

Vanquished Creatures
  4 adders
  2 worms (D:2)
  A dart slug (D:1)
  8 ball pythons
  5 bats
  7 endoplasms
  2 giant cockroaches
  5 goblins
  7 hobgoblins
  5 jackals
  2 quokkas
  4 frilled lizards
  7 kobolds
  5 rats
64 creatures vanquished.

Notes
Turn   | Place    | Note
-------+----------+-------------------------------------------
     0 | D:1      | qw the Gargoyle Hunter began the quest for the Orb.
     0 | D:1      | Reached XP level 1. HP: 12/12 MP: 1/1
     0 | D:1      | 0 ||| qw: Version: 0.3-a-76-g4403597
     0 | D:1      | 0 ||| qw: Game counter: 1229
     0 | D:1      | 0 ||| qw: Melee chars always use a shield: true
     0 | D:1      | 0 ||| qw: God list: Okawaru
     0 | D:1      | 0 ||| qw: Allow faded altars: false
     0 | D:1      | 0 ||| qw: Do Orc after clearing Dungeon:15 true
     0 | D:1      | 0 ||| qw: Do second Lair branch before Depths: true
     0 | D:1      | 0 ||| qw: Lair rune preference: random
     0 | D:1      | 0 ||| qw: Goals: Normal
     0 | D:1      | 0 ||| PLANNING D:1-11
    94 | D:1      | Reached XP level 2. HP: 17/17 MP: 2/2
   738 | D:1      | Reached XP level 3. HP: 21/21 MP: 3/3
   768 | D:1      | Reached skill level 5 in Ranged Weapons
   792 | D:1      | 792 ||| UPGRADING to +0 ring mail.
   802 | D:1      | 802 ||| DROPPING +0 leather armour.
   803 | D:1      | 803 ||| UPGRADING to ring of protection from fire.
   804 | D:1      | 804 ||| READING 2 scrolls labelled NOSUXK RUFFUA.
   805 | D:1      | 805 ||| READING scroll labelled QEWUNWAAPUO.
   806 | D:1      | 806 ||| READING scroll labelled FAINUY JUMAP.
   807 | D:1      | 807 ||| DROPPING scroll of butterflies.
   831 | D:2      | Found Xisar's General Store.
   837 | D:2      | 837 ||| SHOPLISTING potion of haste (140 gold, have 67).
   837 | D:2      | 837 ||| BUYING scroll of teleportation (42 gold).
   837 | D:2      | Bought a scroll of teleportation for 42 gold pieces
   901 | D:2      | 901 ||| READING scroll labelled HUCSALL FEKOLE.
   938 | D:2      | Reached skill level 1 in Armour
   984 | D:2      | Identified the +7 morningstar of the Unspeakable One
                  | {flame, Str+3}
  1326 | D:2      | Found a runed translucent door.
  1327 | D:2      | Noticed Crazy Yiuf
  1487 | D:2      | Reached XP level 4. HP: 26/27 MP: 4/4
  1494 | D:2      | Reached skill level 3 in Fighting
  1559 | D:2      | Found a broken altar of Ashenzari.
  2054 | D:2      | 2054 ||| READING 2 scrolls labelled GEFA NUUSCHANKU.
  2155 | D:2      | 2155 ||| READING scroll labelled JISTRYT CINNANT.
  2156 | D:2      | 2156 ||| DRINKING 2 purple potions.
  2157 | D:2      | 2157 ||| READING 2 scrolls of identify.
  2157 | D:2      | 2157 ||| IDENTIFYING black potion
  2158 | D:2      | 2158 ||| DROPPING potion of degeneration.
  2159 | D:2      | 2159 ||| DROPPING potion of invisibility.
  2160 | D:2      | 2160 ||| DROPPING scroll of silence.
  2359 | D:3      | 2359 ||| READING scroll of enchant weapon.
  2359 | D:3      | 2359 ||| ENCHANTING +1 shortbow.
  2371 | D:3      | Found a white marble altar of Elyvilon.
  2566 | D:3      | Found a bloodstained altar of Trog.
  2840 | D:3      | 2840 ||| UPGRADING to +0 cloak.
  2845 | D:3      | 2845 ||| READING 2 scrolls of identify.
  2845 | D:3      | 2845 ||| IDENTIFYING glowing red potion
  2846 | D:3      | 2846 ||| DROPPING potion of attraction.
  2886 | D:4      | HP: 3/28 [killer bee (5)]
  2886 | D:4      | Slain by a killer bee

Levels and vault maps discovered:
D:1:      roderic_dead_forest, layout_basic
D:2:      minmay_general_purpose_star, layout_loops_corners, serial_shops,
          nicolae_shop_crystal, basic_altar, uniq_crazy_yiuf_cottage
D:3:      layout_loops_ring, elyvilon_altar_1, mainiacjoe_overflow_alcove_4
D:4:      layout_loops_corners, serial_bayou_pond_d, nicolae_elemental_shop

Skill      XL: |  1  2  3  4 |
---------------+-------------+-----
Ranged Weapons | 5 |  5.5
Armour         | 1 |  1.2
Fighting       | 3 |  3.0
Dodging        | |  1.5
Stealth        | |  1.1

Action                     |  1- 3 |  4- 6 || total
---------------------------+-------+-------++-------
   Fire: Shortbow          |   121 |    71 ||   192
    Use: Scroll            |     4 |     5 ||     9
         Potion            |       |     1 ||     1
 Armour: Leather armour    |    14 |       ||    14
         Ring mail         |    20 |    31 ||    51
  Dodge: Dodged            |    28 |    19 ||    47

Table legend:
 A = Non-vault XP
 B = Vault XP
 C = Vault XP percentage of total XP
 D = Non-vault monster count
 E = Vault monster count
 F = Vault count percentage of total count
                 A         B        C        D         E       F
            +---------+---------+-------+---------+---------+-------
      Total |     139 |      21 |  13.1 |      59 |       5 |   7.8
            +---------+---------+-------+---------+---------+-------
        D:1 |      42 |       0 |   0.0 |      24 |       0 |   0.0
        D:2 |      41 |      21 |  33.9 |      16 |       5 |  23.8
        D:3 |      56 |       0 |   0.0 |      19 |       0 |   0.0
            +---------+---------+-------+---------+---------+-------
